 Dungeon Crawl Stone Soup version 0.29-a0-96-g93358da72b (webtiles) character file.

Game seed: 16199413537868453678

253 siradein the Ruffian (level 5, 0/45 HPs)
             Began as a Draconian Transmuter on Feb 10, 2022.
             Was an Initiate of Jiyva.
             Killed by divine providence
             ... invoked by an orc priest
              (13 damage)
             ... on level 3 of the Dungeon.
             The game lasted 00:10:36 (3864 turns).

siradein the Ruffian (Draconian Transmuter)         Turns: 3864, Time: 00:10:37

Health: 0/45       AC:  6    Str: 12    XL:     5   Next: 90%
Magic:  9/9        EV: 12    Int: 16    God:    Jiyva [......]
Gold:   89         SH:  0    Dex: 11    Spells: 4/10 levels left

rFire   . . .      SeeInvis +     - Unarmed
rCold   . . .      Faith    .   (no shield)
rNeg    + . .      Spirit   .   (armour unavailable)
rPois   .          Reflect  .   (helmet restricted)
rElec   .          Harm     .   h - +0 cloak
rCorr   .          Rampage  .   (no gloves)
Will    .....                   (no boots)
Stlth   +.........              g - amulet of Kiowomos {RegenMP Slay+2 SInv}
HPRegen 0.15/turn               i - ring of positive energy
MPRegen 0.51/turn               (no ring)

@: no status effects
A: AC +5, unfitting armour, cold-blooded
a: Renounce Religion


You were on level 3 of the Dungeon.
You worshipped Jiyva.
Jiyva was noncommittal.
You visited 1 branch of the dungeon, and saw 3 of its levels.
You also visited: Sewer.

You collected 89 gold pieces.

Inventory:

Missiles
 b - 2 curare-tipped darts
Armour
 h - a +0 cloak (worn)
Magical Staves
 n - a staff of earth
Jewellery
 g - the amulet of Kiowomos (around neck) {RegenMP Slay+2 SInv}
   (You found it on level 2 of the Dungeon)

   [amulet of magic regeneration]

   It increases your rate of magic regeneration.
   Slay:      It affects your accuracy & damage with ranged weapons and melee
   (+2).
   SInv:      It lets you see invisible.
 i - a ring of positive energy (left hand)
Scrolls
 a - a scroll of amnesia {unknown}
 c - a scroll of magic mapping {unknown}
 d - a scroll of blinking {unknown}
 f - a scroll of teleportation {unknown}
 k - a scroll of identify {unknown}
 m - a scroll of noise {unknown}
Potions
 e - a potion of curing {unknown}
 j - 2 potions of cancellation {unknown}
 l - a potion of brilliance {unknown}


   Skills:
 + Level 3.0 Fighting
 + Level 3.0 Dodging
 + Level 3.9 Unarmed Combat
 + Level 3.0 Spellcasting
 + Level 3.2 Transmutations


You had 4 spell levels left.
You knew the following spells:

 Your Spells              Type           Power      Damage    Failure   Level
a - Beastly Appendage     Tmut           24%        N/A       4%          1
b - Wereblood             Tmut           12%        N/A       8%          2
c - Spider Form           Tmut/Pois      7%         N/A       28%         3

Your spell library contained the following spells:

 Spells                   Type           Power      Damage    Failure   Level
 Static Discharge         Conj/Air       2%         N/A       28%         2
 Ice Form                 Ice/Tmut       7%         N/A       67%         4
 Dispel Undead            Necr           2%         3d7       88%         4
 Sticky Flame             Conj/Fire      2%         2d3       88%         4


Dungeon Overview and Level Annotations

Branches:
Dungeon (3/15)              Sewer (visited)

Altars:
Kikubaaqudgha

Shops:
D:2 [


Innate Abilities, Weirdness & Mutations

Your plain brown scales are hard. (AC +5)
You cannot fit into any form of body armour.
You are cold-blooded and may be slowed by cold attacks.


Message History

You grow a pair of large bovine horns.
Your feet morph into talons.
The orc shouts!
You hear a shout! x3
An orc priest comes into view. It is wielding a +0 club.
The orc priest calls down the wrath of Beogh upon you.
Beogh smites you! The orc hits you with a +0 club.
You hit the orc. You claw the orc. You tail-slap the orc.
You kill the orc!
An orc priest and an orc wizard come into view.
The orc priest shouts!
A bat comes into view.
The orc priest mumbles some strange prayers to Beogh against you.
Beogh smites you!
Things that are here:
a +0 club; a +0 robe The bat completely misses you.
The bat closely misses you. The bat misses you.
The bat hits you but does no damage. The bat hits you but does no damage.
Your transformation is almost over.
The bat barely misses you. The bat barely misses you.
The bat closely misses you.
You hear a distant slurping noise.
The orc priest mumbles some strange prayers to Beogh against you.
Beogh smites you!
* * * LOW HITPOINT WARNING * * *
The bat barely misses you. The bat hits you but does no damage.
You hear a distant slurping noise.
The bat barely misses you. The bat hits you but does no damage.
The bat misses you. The bat hits you but does no damage.
The bat barely misses you.
Your horns disappear.
Your talons disappear.
The bat barely misses you. The bat closely misses you. The bat misses you.
The bat hits you but does no damage. The bat misses you.
The orc priest invokes the aid of Beogh against you.
Beogh smites you!
You die...

#.#.#.## #.#
####..###.###o#
#....## ##o...#
#.#...###.##..#
#.#....#o###..#
#........# #..#
#......#.#
#..########
#..)#b##.#
#....).....
#....@...#
#.#########
#..#.....# #.#
#........# #.#
#........# #.#
#.#.....## #.#
#.##...#.# #.#
#.....###. ..#
#####..# #####
#.#.#


You could see 2 orc priests and a bat.

Vanquished Creatures
  2 jellies (Sewer)
  Terence (D:1)
  Robin (D:2)
  6 adders
  A river rat (Sewer)
  A worm (D:2)
  A dart slug (D:1)
  3 orcs (D:3)
  5 ball pythons
  5 bats
  12 endoplasms
  8 giant cockroaches
  10 goblins
  4 hobgoblins
  7 jackals
  2 quokkas
  A frilled lizard (D:3)
  4 kobolds
  4 rats
78 creatures vanquished.

Vanquished Creatures (others)
  A human (D:3)
  An orc (D:3)
2 creatures vanquished.

Grand Total: 80 creatures vanquished

Notes
Turn   | Place    | Note
-------+----------+-------------------------------------------
     0 | D:1      | siradein the Draconian Transmuter began the quest for the
                  | Orb.
     0 | D:1      | Reached XP level 1. HP: 16/16 MP: 3/3
    93 | D:1      | Found a faded altar of an unknown god.
   386 | D:1      | Reached XP level 2. HP: 23/23 MP: 3/5
   710 | D:1      | Learned a level 2 spell: Wereblood
   764 | D:2      | Noticed Terence
  1051 | D:1      | Killed Terence
  1052 | D:1      | Reached XP level 3. HP: 6/29 MP: 6/6
  1553 | D:2      | Reached XP level 4. HP: 20/36 MP: 5/7
  1702 | D:2      | Found Eclifuh's Armour Boutique.
  1782 | D:2      | Learned a level 3 spell: Spider Form
  2310 | D:2      | Noticed Robin
  2331 | D:2      | Killed Robin
  2575 | D:2      | Identified the amulet of Kiowomos {RegenMP Slay+2 SInv}
  2809 | D:3      | Found an ancient bone altar of Kikubaaqudgha.
  2810 | D:3      | Noticed a human
  2812 | D:3      | Killed a human
  2942 | D:3      | Found a glowing drain.
  2971 | Sewer    | Entered a sewer
  2985 | Sewer    | Reached XP level 5. HP: 42/42 MP: 9/9
  3504 | Sewer    | Found a viscous altar of Jiyva.
  3518 | Sewer    | Became a worshipper of Jiyva Jeinaezi the Shapeless
  3864 | D:3      | Killed from afar by an orc priest

Illustrated notes

Levels and vault maps discovered:
D:1:      giann_forest_graveyard, layout_loops_ring, basic_ecumenical_altar
D:2:      layout_basic, serial_shops, shop_statue, minmay_statues_item,
          uniq_robin, uniq_terence
D:3:      layout_loops_ring, tgw_kikubaaqudgha, portal_sewer_entry_f

Skill      XL: |  1  2  3  4  5 |
---------------+----------------+-----
Dodging        | 2 3 |  3.0
Fighting       | 2 3 |  3.0
Transmutations | 3 |  3.2
Spellcasting   | 3 |  3.0
Unarmed Combat | |  3.9

Action                   |  1- 3 |  4- 6 || total
-------------------------+-------+-------++-------
Melee: Unarmed           |    75 |   120 ||   195
       Kick              |    21 |    26 ||    47
       Headbutt          |    11 |    18 ||    29
       Tailslap          |     8 |     9 ||    17
       Punch             |     1 |     4 ||     5
Throw: Dart              |     1 |       ||     1
 Cast: Beastly Appendage |    14 |    29 ||    43
       Wereblood         |       |     2 ||     2
Armor: Skin              |    25 |    34 ||    59
Dodge: Dodged            |    43 |   104 ||   147

Table legend: (Time is in decaauts)
 A = Elapsed time spent in this place.
 B = Non-inter-level travel time spent in this place.
 C = Inter-level travel time spent in this place.
 D = Time resting spent in this place.
 E = Time spent auto-exploring this place.
 F = Levels seen in this place.
 G = Mean time per level.
                   A        B        C        D        E       F      G
               +--------+--------+--------+--------+--------+-----+--------+
         Total |   3897 |   3815 |     82 |    429 |   2533 |   4 |  974.2 |
       Dungeon |   3216 |   3134 |     82 |    429 |   2015 |   3 | 1072.0 |
         Sewer |    680 |    680 |      0 |      0 |    517 |   1 |  680.0 |
               +--------+--------+--------+--------+--------+-----+--------+

Top non-repeatable levels by time:
     D:2: 1477 daAuts
     D:1: 1260 daAuts
   Sewer: 680 daAuts
     D:3: 478 daAuts
